 Dungeon Crawl Stone Soup version 0.19.5 (webtiles) character file.

1791102 Jerry the Slayer (level 27, 263/263 HPs)
             Began as a Hill Orc Fighter on Apr 27, 2017.
             Was a High Priest of Okawaru.
             Escaped with the Orb
             ... and 3 runes!
             The game lasted 05:35:22 (61750 turns).

Jerry the Slayer (Hill Orc Fighter)                Turns: 61750, Time: 05:35:23

Health: 263/263    AC: 49    Str: 28      XL:     27
Magic:  11/11      EV: 23    Int: 10 (11) God:    Okawaru [*****.]
Gold:   2208       SH: 26    Dex: 14      Spells: 6 memorised, 17 levels left

rFire  + . .     SeeInvis +     G - +5 broad axe (antimagic)
rCold  + + +     Gourm    .     y - +12 plate armour of the Eternal Void {rElec Slay+2}
rNeg   + . .     Faith    .     K - +4 shield of the Tuna {rPois rC+++ Regen+ Dex-4}
rPois  +         Spirit   .     Q - +2 hat {MR+}
rElec  +         Reflect  .     s - +2 cloak {rF+}
rCorr  .         Harm     .     d - +2 pair of gloves {Str+3}
MR     +++..                    z - +2 pair of boots {run}
Stlth  ..........               L - amulet of regeneration
                                B - ring of see invisible
                                x - ring of Ceulatiu {rN+ Dex+2 Slay+3}

@: heroism, quick
A: large bone plates 1, rugged brown scales 1, clever 1
a: Heroism, Finesse, Renounce Religion
0: Orb of Zot
}: 3/15 runes: barnacled, silver, gossamer


You escaped.
You worshipped Okawaru.
Okawaru was extremely pleased with you.
You were full.

You visited 9 branches of the dungeon, and saw 47 of its levels.
You visited the Abyss 1 time.
You visited 1 bazaar.
You also visited: Labyrinth, Ice Cave and Volcano.

You collected 6218 gold pieces.
You spent 4010 gold pieces at shops.

Inventory:

Hand Weapons
 G - a +5 antimagic broad axe (weapon)
Armour
 b - the +1 hat "Curunesi" {rElec rC+ rN+ Dex+3}
   (Okawaru gifted it to you on level 5 of the Realm of Zot)

   It affects your dexterity (+3).
   It protects you from cold.
   It insulates you from electricity.
   It protects you from negative energy.
 d - a +2 pair of gloves of strength (worn)
 s - a +2 cloak of fire resistance (worn)
 y - the +12 plate armour of the Eternal Void (worn) {rElec Slay+2}
   (Okawaru gifted it to you on level 2 of the Spider Nest)

   It affects your accuracy and damage with ranged weapons and melee attacks
   (+2).
   It insulates you from electricity.
 z - a +2 pair of boots of running (worn)
 K - the +4 shield of the Tuna (worn) {rPois rC+++ Regen+ Dex-4}
   (You bought it in a shop on level 13 of the Dungeon)

   It affects your dexterity (-4).
   It renders you almost immune to cold.
   It protects you from poison.
   It increases your rate of regeneration.
 Q - a +2 hat of magic resistance (worn)
Jewellery
 g - an uncursed ring of protection from fire
 x - the ring of Ceulatiu (left hand) {rN+ Dex+2 Slay+3}
   (You found it on level 7 of the Dungeon)

   [ring of positive energy]

   It affects your dexterity (+2).
   It affects your accuracy and damage with ranged weapons and melee attacks
   (+3).
   It protects you from negative energy.
 B - a ring of see invisible (right hand)
 F - an uncursed ring of resist corrosion
 L - an amulet of regeneration (around neck)
Wands
 h - a wand of heal wounds (7/9)
 j - a wand of teleportation (5/9)
 w - a wand of digging (16/24)
 P - a wand of digging (9/24)
 U - a wand of hasting (6/9)
Scrolls
 e - 9 scrolls of teleportation
 i - 18 scrolls of remove curse
 m - 9 scrolls of recharging
 o - a scroll of enchant weapon
 D - a scroll of enchant armour
 E - 5 scrolls of magic mapping
 H - 2 scrolls of holy word
 O - 2 scrolls of silence
 S - a scroll of identify
 W - 5 scrolls of fear
 Y - 6 scrolls of blinking
Potions
 a - a potion of might
 c - 22 potions of curing
 k - 4 potions of magic
 l - 2 potions of resistance
 n - 3 potions of cancellation
 p - 5 potions of ambrosia
 r - 4 potions of brilliance
 t - 4 potions of invisibility
 u - 2 potions of cure mutation
 v - 10 potions of haste
 I - 11 potions of heal wounds
 M - 3 potions of flight
 R - 6 potions of berserk rage
 Z - a potion of agility
Comestibles
 f - 24 bread rations
 q - 34 fruits
 A - 32 meat rations
 C - 15 beef jerkies


   Skills:
 + Level 22.5(27) Fighting
 + Level 22.0(27) Axes
 + Level 22.3(27) Armour
 + Level 20.1(25.1) Dodging
 + Level 19.5(24.5) Shields
 - Level 6.7 Spellcasting
 + Level 15.2 Translocations
 + Level 17.0 Invocations


You had 17 spell levels left.
You knew the following spells:

 Your Spells              Type           Power        Failure   Level  Hunger
a - Statue Form           Tmut/Erth      #........    100%        6    #######
b - Simulacrum            Ice/Necr       #.........   100%        6    #######
c - Shroud of Golubria    Chrm/Tloc      ###.......   4%          2    ##.....
d - Lesser Beckoning      Tloc           ####......   1%          3    ###....
e - Blink                 Tloc           N/A          1%          2    ##.....
f - Gell's Gravitas       Hex/Tloc       ###.......   10%         3    ###....


Dungeon Overview and Level Annotations

Branches:
Dungeon (15/15)            Temple (1/1) D:4            Lair (6/6) D:10
 Shoals (4/4) Lair:4       Spider (4/4) Lair:4        Slime (0/5) Lair:5
    Orc (2/2) D:9             Elf (0/3) Orc:2        Vaults (5/5) D:14
  Crypt (0/3) Vaults:2     Depths (5/5) D:15            Zot (5/5) Depths:5

Altars:
Ashenzari
Cheibriados
Dithmenos
Elyvilon
Fedhas
Gozag
Hepliaklqana
Kikubaaqudgha
Makhleb
Nemelex Xobeh
Okawaru
Qazlal
Ru
Sif Muna
Trog
Uskayaw
Vehumet
Xom
Yredelemnul
Zin
The Shining One
Beogh
Jiyva

Shops:
D:13 [   D:15 %   Orc:1 (   Orc:2 [:(!   Shoals:3 *   Vaults:4 :   Vaults:5 %??

Portals:
Hell: Depths:1 Depths:2 Depths:3 Depths:4 Depths:5
Abyss: Depths:2 Depths:4
Pandemonium: Depths:1 Depths:3
Ziggurat: Depths:4
Trove: D:15 (give 4 potions of cure mutation)

Annotations:
D:2 exclusion: oklob plant
D:14 exclusion: Roxanne, Roxanne
Lair:5 1 runed door
Zot:5 exclusion: 2 obsidian statues


Innate Abilities, Weirdness & Mutations

You are partially covered in large bone plates. (SH +4)
You are partially covered in rugged brown scales. (AC +1, +3% HP)
Your mind is acute. (Int +2)


Message History

You gain the combat prowess of a mighty hero.
The Orb Guardian hits you but does no damage.
Your plate armour of the Eternal Void prevents you from hitting the Orb Guardian.
The Orb Guardian is severely wounded.
You block the Orb Guardian's attack.
You hit the Orb Guardian.
The Orb Guardian is severely wounded.
You block the Orb Guardian's attack.
You slice the Orb Guardian!!
You kill the Orb Guardian!
Okawaru accepts your kill.
You see here a stone.
You see here a stone.
Evoke which item? (* to show all) (? for menu, Esc to quit)
Zapping:
P - a wand of digging {zapped: 3} (will waste charges)
Press: ? - help, Shift-Dir - straight line The rock shatters into small pieces.
Evoking this partially-identified wand wasted a few charges.
There is a staircase leading out of the dungeon here.
You have escaped!

.##.##.#####.########.####.######
.##.##.#.................#.######
.##.##.#.#######'#######.#.......
.##.##.#.#.............#.#.######
.##.##.#.#.###########.#.#.#
.##.##.#.#.#.........#.#.#.#
.......#.#.#.#######.#.#.#.#
.##.##.#.#.#.#.....#.#.#.#.#
.......((.......@..#..)#...#
.......#.#.#.#.....#.#.#.#.#
.....))#.#.#.###.###.#.#.#.#
.......#.#.#.........#.#.#.#
#.####.#.#.###########.#.#.#
#.####.#.#.............#.#.#
.......#.#######'#######.#.# ###
#..###.#.................#.# #.#
#..#.>.####.########.#####.####.#


There were no monsters in sight!

Vanquished Creatures
  An ancient lich (Zot:5)
  3 orbs of fire (Zot:5)
  Mara (Vaults:3)
  A juggernaut (Depths:5)
  Saint Roka (Vaults:3)
  3 caustic shrikes
  5 Killer Klowns (Zot:5)
  Nikola (Spider:2)
  12 golden dragons
  A bone dragon (Abyss:2)
  Arachne (Spider:3)
  An iron giant (shapeshifter) (Depths:1)
  2 electric golems
  18 tentacled monstrosities
  Jorgrun (Shoals:2)
  26 Orb Guardians
  2 liches
  5 titans (Vaults:5)
  Asterion (Vaults:3)
  A quicksilver dragon (shapeshifter) (Vaults:5)
  Polyphemus (Shoals:3)
  7 death cobs
  10 quicksilver dragons
  4 sphinxes
  Frances (Spider:3)
  16 storm dragons
  9 shadow dragons
  Kirke (D:14)
  Agnes (D:14)
  6 tengu reavers
  Ilsuiw (Shoals:4)
  4 draconian monks
  A storm dragon (shapeshifter) (Depths:2)
  15 frost giants
  7 fire giants
  2 deep elf sorcerers
  5 ghost moths
  A cacodemon (D:5)
  An iron dragon (Depths:3)
  13 vault wardens
  4 draconian scorchers
  2 draconian zealots
  Aizul (Spider:4)
  8 draconian knights
  A juggernaut zombie (Depths:5)
  A warmonger (D:5)
  A deep elf elementalist (Vaults:5)
  An angel (Zot:4)
  4 draconian shifters
  3 juggernaut skeletons
  2 draconian annihilators
  5 emperor scorpions
  3 caustic shrike skeletons (Depths:3)
  18 ironheart preservers
  20 stone giants
  A spriggan defender (Depths:5)
  3 entropy weavers
  3 war gargoyles (Vaults:5)
  6 draconian callers
  A vampire knight (Depths:5)
  12 very ugly things
  A corrupter (D:5)
  3 deep elf demonologists
  A lorocyproca (Depths:3)
  9 green draconians
  3 deep elf annihilators
  10 purple draconians
  Nessos (D:12)
  10 white draconians
  13 red draconians
  3 yellow draconians
  12 spark wasps
  9 black draconians
  12 merfolk javelineers
  Snorg (Lair:6)
  10 merfolk impalers
  7 mottled draconians
  A deep elf death mage (Depths:5)
  Josephine (Shoals:1)
  An eidolon (Vaults:2)
  18 yaktaur captains
  6 jiangshi
  12 great orbs of eyes
  13 ettins
  2 deep elf high priests (Vaults:5)
  13 ogre magi
  19 fire dragons
  A minotaur (Lab)
  26 vault guards
  A monstrous demonspawn (D:5)
  2 spriggan air magi (Depths:5)
  A quicksilver dragon skeleton (Depths:3)
  27 ice dragons
  11 rakshasas
  4 hydras
  4 catoblepae
  10 centaur warriors
  3 alligator snapping turtles
  5 merfolk aquamancers (Shoals:4)
  A merfolk avatar (Shoals:2)
  8 deep troll shamans
  2 satyrs
  4 death knights
  4 vampire magi
  4 orc high priests (Orc:2)
  10 death yaks
  9 deep troll earth magi
  A dancing weapon (Vaults:5)
  Urug (Lair:3)
  A thrashing horror (Abyss:2)
  7 tengu warriors
  6 deep elf knights
  A fire crab (Volcano)
  6 spriggan berserkers
  A hell knight (Depths:5)
  A sun demon (Depths:3)
  4 iron trolls
  A storm dragon skeleton (Depths:3)
  Nergalle (Lair:2)
  29 skeletal warriors
  A titan skeleton (Depths:3)
  A soul eater (D:5)
  An entropy weaver zombie (Vaults:1)
  5 shadow wraiths
  14 large abominations
  An unseen horror (shapeshifter) (Vaults:1)
  4 unseen horrors
  2 spark wasp zombies (Depths:5)
  2 death drakes (shapeshifter)
  9 phantasmal warriors
  10 sea snakes
  27 deep trolls
  2 flayed ghosts
  A hill giant (shapeshifter) (Vaults:5)
  A swamp dragon (Zot:1)
  28 ironbrand convokers
  3 golden dragon skeletons (Depths:3)
  5 hill giants
  5 deep elf archers
  4 glowing orange brains
  6 wizards
  5 lindwurms
  11 orc knights
  6 necromancers
  18 harpies
  18 orb spiders
  24 deep elf magi
  An orb spider (shapeshifter) (D:14)
  3 tengu skeletons (Depths:3)
  2 orc sorcerers
  A stone giant zombie (D:15)
  14 fauns
  2 shadow dragon skeletons (Depths:3)
  41 wolf spiders
  13 manticores
  A salamander (shapeshifter) (D:13)
  27 ugly things
  8 cyclopes
  A cyclops (shapeshifter) (Vaults:3)
  3 centaur zombies
  Maurice (D:12)
  An iron dragon skeleton (Depths:3)
  A sphinx skeleton (Depths:3)
  A salamander (Depths:3)
  A rust devil (Depths:1)
  A frost giant skeleton (Depths:3)
  A black mamba (Lair:6)
  A stone giant skeleton (Abyss:2)
  28 moths of wrath
  12 elephants
  17 sirens
  An eye of devastation (shapeshifter) (Depths:5)
  A water nymph (shapeshifter) (Depths:1)
  2 guardian serpents (shapeshifter)
  An ice statue (IceCv)
  An elephant (shapeshifter) (Vaults:1)
  11 vault sentinels
  2 fire giant skeletons
  A smoke demon (Abyss:2)
  A black mamba (shapeshifter) (Depths:5)
  5 torpor snails
  6 water nymphs
  19 spiny frogs
  3 centaur skeletons
  2 spriggan skeletons (Depths:3)
  An orange demon (D:5)
  2 gargoyles
  2 kobold demonologists (D:14)
  An efreet (Abyss:2)
  21 demonic crawlers
  2 rime drakes
  15 freezing wraiths
  2 human zombies (Vaults:1)
  A hellwing (Depths:3)
  28 yaktaurs
  An ice devil (Zot:3)
  A yaktaur zombie (Vaults:1)
  A yaktaur (shapeshifter) (Vaults:3)
  4 komodo dragons
  4 tengu conjurers
  7 trolls
  32 merfolk
  A queen bee (Lair:3)
  26 jumping spiders
  2 polar bears
  9 two-headed ogres
  An ancient zyme (Abyss:2)
  A polar bear (shapeshifter) (Vaults:3)
  8 hornets
  A harpy skeleton (D:15)
  33 slime creatures
  An ice dragon zombie (D:15)
  Grinder (D:4)
  A wind drake (Shoals:4)
  12 hippogriffs
  13 snapping turtles
  25 dream sheep
  2 blink frogs (shapeshifter)
  4 blink frogs (Lair:5)
  A snapping turtle (shapeshifter) (Depths:3)
  12 flying skulls (Depths:3)
  4 elf skeletons (Depths:3)
  Sigmund (D:2)
  31 yaks
  39 tarantellas
  19 water elementals
  102 redbacks
  3 shadows
  7 wyverns
  9 wraiths
  A ynoxinul (Depths:3)
  2 hungry ghosts
  2 basilisks
  11 fire bats
  3 hogs
  A yak (shapeshifter) (Vaults:2)
  2 humans (shapeshifter)
  3 chaos spawn
  A death yak simulacrum (IceCv)
  2 neqoxecs
  The ghost of dark4128 the Slasher, an amateur DsGl (D:4)
  2 steam dragons
  4 small abominations
  Menkaure (D:4)
  3 mottled dragons (Vaults:1)
  10 wargs
  A soldier ant (D:13)
  Edmund (D:3)
  A hell hound (Volcano)
  14 water moccasins
  9 porcupines
  2 floating eyes (Depths:2)
  35 orc warriors
  3 floating eyes (shapeshifter)
  An eye of draining (D:14)
  20 ice beasts
  An alligator simulacrum (IceCv)
  A black bear (shapeshifter) (Vaults:5)
  A phantom (D:7)
  5 sky beasts
  2 black bears (Lair:6)
  32 ogres
  An eye of draining (shapeshifter) (Vaults:2)
  22 centaurs
  8 starcursed masses (Abyss:2)
  8 boggarts
  16 wolves
  2 tengu (shapeshifter)
  12 crocodiles
  3 big kobolds
  13 bullfrogs
  2 gnoll sergeants
  A yaktaur skeleton (D:15)
  A wyvern skeleton (D:14)
  9 scorpions
  39 killer bees
  4 wights
  7 electric eels
  2 bullfrog zombies
  9 howler monkeys
  9 crimson imps
  3 human simulacra (Vaults:1)
  5 jellies
  3 draconian simulacra (IceCv)
  43 orc priests
  2 hounds
  Crazy Yiuf (D:2)
  An iron imp (Depths:1)
  Ijyb (D:2)
  4 bullfrog skeletons
  An iguana (D:5)
  31 orc wizards
  6 troll simulacra (IceCv)
  15 worker ants
  2 polar bear simulacra (IceCv)
  2 spriggan simulacra (IceCv)
  A hound zombie (D:9)
  A hound skeleton (D:9)
  Robin (D:3)
  A howler monkey skeleton (D:7)
  8 gnolls
  5 naga simulacra (IceCv)
  12 adders
  4 ogre simulacra (IceCv)
  4 river rats (D:10)
  A shadow imp (D:12)
  12 white imps (IceCv)
  An ufetubus (Zot:4)
  An adder skeleton (D:7)
  A dart slug (D:2)
  5 leopard geckos
  128 orcs
  3 ball pythons
  7 giant cockroaches
  15 goblins
  12 hobgoblins
  15 jackals
  5 quokkas
  18 bats
  7 frilled lizards
  19 kobolds
  A leopard gecko skeleton (D:6)
  18 rats
  4 fungi
  A lurking horror (Abyss:2)
  17 plants
  A withered plant (D:15)
2422 creatures vanquished.

Vanquished Creatures (others)
  A deep elf knight (Vaults:2)
  An orb spider (Spider:4)
  A hippogriff (Lair:6)
  2 redbacks (Spider:2)
  A steam dragon (Volcano)
  An ogre (Depths:1)
  A boggart (Depths:5)
  A crocodile (Lair:6)
  18 fungi
  37 plants
64 creatures vanquished.

Grand Total: 2486 creatures vanquished

Notes
Turn   | Place    | Note
-------+----------+-------------------------------------------
     0 | D:1      | Jerry the Hill Orc Fighter began the quest for the Orb.
     0 | D:1      | Reached XP level 1. HP: 19/19 MP: 1/1
   319 | D:1      | Reached XP level 2. HP: 27/27 MP: 2/2
   624 | D:1      | Reached XP level 3. HP: 27/33 MP: 3/3
  1466 | D:2      | Reached XP level 4. HP: 34/40 MP: 4/4
  1505 | D:2      | Noticed Sigmund
  1518 | D:2      | Killed Sigmund
  1518 | D:2      | Reached skill level 5 in Axes
  1518 | D:2      | Reached XP level 5. HP: 29/47 MP: 5/5
  1562 | D:2      | Reached XP level 6. HP: 38/55 MP: 6/6
  1767 | D:2      | Reached skill level 5 in Fighting
  1991 | D:2      | Noticed Ijyb
  2003 | D:2      | Killed Ijyb
  2242 | D:2      | Found a blossoming altar of Fedhas.
  2261 | D:2      | Noticed an oklob plant
  2384 | D:2      | Found a runed door.
  2478 | D:2      | Found a faded altar of an unknown god.
  2714 | D:2      | Noticed Crazy Yiuf
  2719 | D:2      | Killed Crazy Yiuf
  2882 | D:3      | Reached skill level 5 in Armour
  3255 | D:3      | Noticed Robin
  3264 | D:3      | Killed Robin
  3752 | D:4      | Noticed Edmund
  3767 | D:3      | Killed Edmund
  3767 | D:3      | Reached XP level 7. HP: 46/62 MP: 7/7
  3914 | D:4      | Noticed dark4128's ghost (amateur DsGl)
  3969 | D:4      | Killed dark4128's ghost
  4188 | D:4      | Noticed Grinder
  4206 | D:4      | Paralysed by Grinder for 3 turns
  4213 | D:4      | Killed Grinder
  4213 | D:4      | Reached XP level 8. HP: 54/70 MP: 8/8
  4314 | D:4      | Noticed Menkaure
  4322 | D:4      | Killed Menkaure
  4621 | D:4      | Found a bloodstained altar of Trog.
  5062 | D:4      | Found a staircase to the Ecumenical Temple.
  5071 | Temple   | Entered the Ecumenical Temple
  5088 | Temple   | Became a worshipper of Warmaster Okawaru
  5359 | D:5      | Entered Level 5 of the Dungeon
  5374 | D:5      | Reached skill level 1 in Invocations
  5954 | D:5      | Found a white marble altar of Elyvilon.
  6738 | D:6      | Reached * piety under Okawaru
  6742 | D:6      | Reached XP level 9. HP: 48/79 MP: 11/11
  6907 | D:6      | Reached skill level 10 in Axes
  7323 | D:6      | Reached ** piety under Okawaru
  8612 | D:7      | Reached skill level 5 in Invocations
  9138 | D:7      | Got a flickering iron ring
  9140 | D:7      | Identified the ring of Ceulatiu {rN+ Dex+2 Slay+3} (You found it on level 7 of the Dungeon)
  9362 | D:7      | Reached XP level 10. HP: 80/90 MP: 14/14
  9985 | D:8      | Reached *** piety under Okawaru
 11374 | D:9      | Found a staircase to the Orcish Mines.
 11410 | D:9      | Found a roughly hewn altar of Beogh.
 11799 | D:10     | Entered Level 10 of the Dungeon
 12056 | D:9      | Reached **** piety under Okawaru
 12070 | D:10     | Reached XP level 11. HP: 90/99 MP: 16/16
 12411 | D:10     | Found a staircase to the Lair.
 12904 | D:10     | Reached skill level 10 in Fighting
 12942 | Lair:1   | Entered Level 1 of the Lair of Beasts
 13321 | Lair:1   | Reached ***** piety under Okawaru
 13521 | Lair:1   | Received a gift from Okawaru
 13892 | Lair:2   | Received a gift from Okawaru
 13892 | Lair:2   | Reached skill level 10 in Armour
 14376 | Lair:2   | Reached skill level 15 in Axes
 14388 | Lair:2   | Reached XP level 12. HP: 108/108 MP: 19/19
 15012 | Lair:3   | Noticed Nergalle
 15034 | Lair:2   | Killed Nergalle
 15271 | Lair:3   | Reached skill level 10 in Invocations
 15374 | Lair:3   | Received a gift from Okawaru
 15478 | Lair:3   | Received a gift from Okawaru
 15707 | Lair:3   | Noticed Urug
 15743 | Lair:3   | Killed Urug
 16835 | Lair:4   | Found a hole to the Spider Nest.
 16884 | Lair:4   | Found a dark tunnel.
 16889 | Volcano  | Entered a volcano
 17144 | Volcano  | Reached XP level 13. HP: 99/118 MP: 18/21
 17321 | Lair:4   | Found a staircase to the Shoals.
 17595 | Lair:4   | Reached skill level 1 in Dodging
 18020 | Lair:4   | You fall through a shaft!
 18046 | Lair:5   | Received a gift from Okawaru
 18054 | Lair:5   | Got a warped executioner's axe {god gift}
 18055 | Lair:5   | Identified the +8 executioner's axe "Geruoz" {pain, *Contam +Blink Str+7} (Okawaru gifted it to you on level 5 of the Lair of Beasts)
 18251 | Lair:5   | Found a runed door.
 18657 | Lair:5   | Found a viscous altar of Jiyva.
 18657 | Lair:5   | Found a staircase to the Slime Pits.
 19116 | Lair:6   | Entered Level 6 of the Lair of Beasts
 19751 | Lair:6   | Noticed Snorg
 19767 | Lair:6   | Killed Snorg
 20087 | Lair:6   | Reached XP level 14. HP: 129/129 MP: 19/22
 20208 | Lair:6   | Received a gift from Okawaru
 20227 | Lair:6   | Got a smoking buckler {god gift}
 20770 | Lair:6   | Identified a scroll of acquirement
 20771 | Lair:6   | Got a steaming sapphire amulet
 20772 | Lair:6   | Identified the amulet of the Jester {Spirit Str+4 Stlth+} (You acquired it on level 6 of the Lair of Beasts)
 21362 | D:10     | Got a fine whip
 21454 | D:11     | Found a labyrinth entrance.
 21504 | Lab      | Entered a labyrinth
 21579 | Lab      | Identified Sif Muna's Papyrus of Bewitchment
 21590 | Lab      | Identified a +2 rod of clouds (4/9) (You took it off a minotaur in a labyrinth)
 21691 | D:11     | Learned a level 6 spell: Statue Form
 22254 | D:11     | Reached skill level 5 in Dodging
 22671 | D:12     | Noticed Nessos
 22681 | D:12     | Killed Nessos
 22681 | D:12     | Received a gift from Okawaru
 22743 | D:12     | Noticed Maurice
 22751 | D:12     | Killed Maurice
 23037 | D:12     | Identified the +7 whip of the Goat {slash, Str+2 Stlth+} (You found it on level 10 of the Dungeon)
 23498 | D:13     | Found Zoruwkiu's Armour Emporium.
 23505 | D:13     | Bought a +0 pair of gloves of strength for 149 gold pieces
 23544 | D:13     | Reached XP level 15. HP: 128/137 MP: 23/23
 23625 | D:13     | Reached skill level 5 in Shields
 24403 | D:14     | Noticed Kirke
 24801 | D:14     | Noticed Roxanne
 24849 | D:14     | Received a gift from Okawaru
 24850 | D:14     | Noticed Agnes
 24859 | D:14     | Killed Kirke
 24859 | D:14     | Killed Agnes
 24872 | D:14     | Got a jewelled war axe {god gift}
 24956 | D:14     | Identified the +1 war axe of Wrongful Imprisonment {drain, +Inv rElec Int-5 Dex+6} (Okawaru gifted it to you on level 14 of the Dungeon)
 25183 | D:14     | Found a gate to the Vaults.
 25350 | D:15     | Entered Level 15 of the Dungeon
 25367 | D:15     | Identified the -1 buckler of the Disturbing Hells {-Cast Str+8 Dex-5 Stlth+} (Okawaru gifted it to you on level 6 of the Lair of Beasts)
 25472 | D:15     | Found a staircase to the Depths.
 25841 | D:15     | Received a gift from Okawaru
 25917 | D:15     | Found a portal to a secret trove of treasure.
 25937 | D:15     | Found Cial's Food Boutique.
 26377 | D:13     | Bought the +4 shield of the Tuna {rPois rC+++ Regen+ Dex-4} for 809 gold pieces
 26442 | Orc:1    | Entered Level 1 of the Orcish Mines
 26501 | Orc:1    | Found a frozen archway.
 26529 | IceCv    | Entered an ice cave
 26686 | IceCv    | Found an ancient bone altar of Kikubaaqudgha.
 26829 | IceCv    | Reached XP level 16. HP: 147/147 MP: 24/24
 26846 | IceCv    | Reached skill level 15 in Fighting
 26888 | IceCv    | Learned a level 6 spell: Simulacrum
 27340 | Orc:1    | Found Ygax's Weapon Shoppe.
 27467 | Orc:2    | Entered Level 2 of the Orcish Mines
 27508 | Orc:2    | Found a staircase to the Elven Halls.
 27734 | Orc:2    | Found Zefiep's Distillery.
 27734 | Orc:2    | Found Hoaf's Antique Weapon Shoppe.
 27744 | Orc:2    | Bought a potion of agility for 56 gold pieces
 28090 | Orc:2    | Found Elyten's Book Boutique.
 28090 | Orc:2    | Found Hocobi Ciwne's Antique Armour Shoppe.
 28104 | Orc:2    | Bought a shimmering plate armour for 896 gold pieces
 28114 | Orc:2    | Identified the +7 plate armour "Vuyweq" {+Fly rElec rC- rN+ Int+4} (You bought it in a shop on level 2 of the Orcish Mines)
 28461 | Orc:2    | Found a roughly hewn altar of Beogh.
 28750 | Spider:1 | Entered Level 1 of the Spider Nest
 28794 | Spider:1 | Reached skill level 10 in Shields
 29002 | Spider:1 | Received a gift from Okawaru
 29610 | Spider:2 | Noticed Nikola
 29624 | Spider:2 | Killed Nikola
 29992 | Spider:2 | Identified the Compendium of the Venomous Entourage
 30378 | Spider:2 | Reached XP level 17. HP: 151/158 MP: 25/25
 30713 | Spider:2 | Reached skill level 15 in Armour
 31086 | Spider:2 | Received a gift from Okawaru
 31089 | Spider:2 | Got a bronze plate armour {god gift}
 31090 | Spider:2 | Identified the +12 plate armour of the Eternal Void {rElec Slay+2} (Okawaru gifted it to you on level 2 of the Spider Nest)
 32004 | Spider:3 | Noticed Frances
 32032 | Spider:3 | Killed Frances
 32711 | Spider:4 | Entered Level 4 of the Spider Nest
 32718 | Spider:4 | Noticed Arachne
 32763 | Spider:3 | Killed Arachne
 32784 | Spider:4 | Noticed Aizul
 32810 | Spider:4 | Killed Aizul
 32963 | Spider:4 | Received a gift from Okawaru
 33024 | Spider:4 | Got a twisted broad axe {god gift}
 33035 | Spider:4 | Identified the +3 broad axe of the Wasp {freeze, *Rage rF+++ Str-2 SInv} (Okawaru gifted it to you on level 4 of the Spider Nest)
 33372 | Spider:4 | Reached XP level 18. HP: 160/168 MP: 0/26
 33378 | Spider:4 | Got a gossamer rune of Zot
 34314 | D:15     | Gained mutation: You are clumsy. (Dex -2) [potion of mutation]
 34314 | D:15     | Gained mutation: You expend magic power (3 MP) to strengthen your wands. [potion of mutation]
 34407 | Vaults:1 | Entered Level 1 of the Vaults
 34422 | Vaults:1 | Received a gift from Okawaru
 35193 | Vaults:1 | Paralysed by a sphinx for 5 turns
 35202 | Vaults:1 | Paralysed by a sphinx for 7 turns
 35707 | Vaults:1 | Received a gift from Okawaru
 35905 | Vaults:2 | Reached skill level 15 in Shields
 36109 | Vaults:2 | Noticed a tentacled monstrosity
 36121 | Vaults:2 | Killed a tentacled monstrosity
 36121 | Vaults:2 | Reached XP level 19. HP: 161/179 MP: 25/27
 36306 | Vaults:2 | Reached ****** piety under Okawaru
 36400 | Vaults:2 | Received a gift from Okawaru
 36872 | Vaults:2 | Found a staircase to the Crypt.
 37204 | Vaults:2 | Received a gift from Okawaru
 37207 | Vaults:2 | Got an ichor-stained broad axe {god gift}
 37208 | Vaults:2 | Identified the +5 broad axe "Utab" {freeze, Fragile +Inv +Fly rC+++} (Okawaru gifted it to you on level 2 of the Vaults)
 37756 | Vaults:3 | Cast into level 2 of the Abyss (a deep elf sorcerer)
 37759 | Abyss:2  | Found a corrupted altar of Lugonu.
 37962 | Abyss:2  | Found a shattered altar of Ashenzari.
 38031 | Abyss:2  | Noticed a bone dragon
 38060 | Abyss:2  | Killed a bone dragon
 38097 | Abyss:2  | Found a shattered altar of Ashenzari.
 38119 | Vaults:3 | Escaped the Abyss
 38322 | Vaults:3 | Noticed Asterion
 38344 | Vaults:3 | Killed Asterion
 38344 | Vaults:3 | Received a gift from Okawaru
 38423 | Vaults:3 | Noticed Mara
 38426 | Vaults:3 | Noticed Jerry's illusion
 38429 | Vaults:3 | Reached XP level 20. HP: 189/189 MP: 20/28
 38442 | Vaults:3 | Killed Mara
 38517 | Vaults:3 | Got a brightly glowing hand axe
 38518 | Vaults:3 | Identified the +1 hand axe of the Poles {chop, Dex+2 SInv} (You found it on level 3 of the Vaults)
 38615 | Vaults:3 | Noticed Saint Roka
 38642 | Vaults:3 | Killed Saint Roka
 38764 | Vaults:3 | Learned a level 2 spell: Shroud of Golubria
 39490 | Vaults:4 | Received a gift from Okawaru
 39860 | Vaults:4 | Found Giseag's Book Emporium.
 40838 | Shoals:1 | Entered Level 1 of the Shoals
 40864 | Shoals:1 | Reached skill level 10 in Dodging
 41298 | Shoals:1 | Reached skill level 1 in Translocations
 41350 | Shoals:1 | Noticed Josephine
 41357 | Shoals:1 | Killed Josephine
 41852 | Shoals:2 | Received a gift from Okawaru
 41945 | Shoals:2 | Noticed Jorgrun
 41971 | Shoals:2 | Reached XP level 21. HP: 197/201 MP: 24/29
 41971 | Shoals:2 | Killed Jorgrun
 42380 | Shoals:3 | Found Nimomotifri's General Store.
 42581 | Shoals:3 | Noticed Polyphemus
 42610 | Shoals:3 | Killed Polyphemus
 43026 | Shoals:4 | Entered Level 4 of the Shoals
 43356 | Shoals:4 | Noticed Ilsuiw
 43782 | Shoals:4 | Killed Ilsuiw
 44020 | Shoals:4 | Reached skill level 5 in Translocations
 44030 | Shoals:4 | Received a gift from Okawaru
 44038 | Shoals:4 | Got a barnacled rune of Zot
 44582 | Orc:2    | Bought a book of Spatial Translocations for 910 gold pieces
 44587 | Orc:2    | Learned a level 3 spell: Lesser Beckoning
 44590 | Orc:2    | Learned a level 2 spell: Blink
 44735 | Depths:1 | Entered Level 1 of the Depths
 44870 | Depths:1 | Noticed a caustic shrike
 44870 | Depths:1 | an iron giant changed into a caustic shrike
 44873 | Depths:1 | a caustic shrike changed into an iron giant
 44934 | Depths:1 | Found a one-way gate leading to the halls of Pandemonium.
 44985 | Depths:1 | Found a flickering gateway to a bazaar.
 45013 | Bazaar   | Entered a bazaar
 45017 | Bazaar   | Found Umicvi's Jewellery Boutique.
 45035 | Bazaar   | Found Ugoanoh's Antique Weapon Emporium.
 45052 | Bazaar   | Found Igikuq's Book Boutique.
 45069 | Bazaar   | Found Ytiv's Weapon Shoppe.
 45436 | Depths:1 | Reached XP level 22. HP: 179/206 MP: 30/30
 45602 | Depths:1 | Found a gateway to Hell.
 45638 | Depths:1 | Found a sparkling altar of Nemelex Xobeh.
 46384 | Depths:2 | Reached skill level 15 in Dodging
 46590 | Depths:2 | Received a gift from Okawaru
 46593 | Depths:2 | Got a slimy cloak {god gift}
 46594 | Depths:2 | Identified the +0 cloak "Recauruno" {-Cast rPois Str-2 Dex+9} (Okawaru gifted it to you on level 2 of the Depths)
 46641 | Depths:2 | Found a one-way gate to the infinite horrors of the Abyss.
 46701 | Depths:2 | Noticed a golden dragon
 46854 | Depths:2 | Noticed a caustic shrike
 46860 | Depths:2 | Killed a golden dragon
 46879 | Depths:2 | Killed a caustic shrike
 47063 | Depths:2 | Paralysed by a floating eye for 2 turns
 47066 | Depths:2 | Paralysed by a floating eye for 4 turns
 48549 | Depths:3 | Reached XP level 23. HP: 150/212 MP: 4/31
 48682 | Depths:3 | Received a gift from Okawaru
 48819 | Depths:3 | Received a gift from Okawaru
 48861 | Depths:3 | Identified a +2 pair of boots of running (Okawaru gifted it to you on level 3 of the Depths)
 49153 | Depths:3 | Reached skill level 10 in Translocations
 49195 | Depths:3 | Got a glittering steel amulet
 49196 | Depths:3 | Identified the amulet of Atiax Unk {Harm *Drain rN+++ Str+4 Dex-2} (You acquired it on level 3 of the Depths)
 49316 | Depths:4 | Noticed a golden dragon
 49330 | Depths:4 | Killed a golden dragon
 49768 | Depths:4 | Found a gateway to a ziggurat.
 50097 | Depths:5 | Entered Level 5 of the Depths
 50115 | Depths:5 | Reached skill level 1 in Spellcasting
 50306 | Depths:5 | Noticed a caustic shrike
 50327 | Depths:5 | Killed a caustic shrike
 50393 | Depths:5 | Noticed a juggernaut
 50431 | Depths:5 | Killed a juggernaut
 50431 | Depths:5 | Reached XP level 24. HP: 136/221 MP: 4/31
 50431 | Depths:5 | Received a gift from Okawaru
 50528 | Depths:5 | Got an ancient copper ring
 50657 | Depths:5 | Got a translucent marble ring
 50708 | Depths:5 | Found a gate to the Realm of Zot.
 51069 | Depths:5 | Reached skill level 5 in Spellcasting
 51073 | Depths:5 | Noticed a caustic shrike
 51201 | Depths:5 | Identified the ring of Yvymm {Fire rElec MR+ Str+2} (You found it on level 5 of the Depths)
 51202 | Depths:5 | Identified the ring of Acrimn {Int+4 Dex+2} (You took it off a deep elf death mage on level 5 of the Depths)
 51278 | Depths:5 | Killed a caustic shrike
 51623 | Depths:5 | Received a gift from Okawaru
 51689 | Depths:5 | Learned a level 3 spell: Gell's Gravitas
 52800 | Vaults:5 | Entered Level 5 of the Vaults
 52873 | Vaults:4 | Received a gift from Okawaru
 53538 | Vaults:5 | Reached XP level 25. HP: 216/231 MP: 6/33
 53902 | Vaults:5 | Found Efecirgh's Magic Scroll Shop.
 53950 | Vaults:5 | Found Vefuetei's Magic Scroll Emporium.
 53996 | Vaults:5 | Bought a scroll of enchant weapon for 150 gold pieces
 54004 | Vaults:5 | Found Cetoczuo's Food Shop.
 54065 | Vaults:5 | Bought a scroll of acquirement for 1040 gold pieces
 54182 | Vaults:5 | Received a gift from Okawaru
 54254 | Vaults:5 | Received a gift from Okawaru
 54439 | Vaults:5 | Got a silver rune of Zot
 54864 | Vaults:5 | Identified the Guide on Enchanting Cold
 55103 | Vaults:5 | Identified the Handbook of Changing
 55111 | Vaults:5 | Identified the Papyrus of Boosts and Lightness
 55153 | Vaults:5 | Got a warped pewter ring
 55156 | Vaults:5 | Identified the ring "Picwi" {+Blink rPois rF- rN+++ Stlth+} (You acquired it on level 5 of the Vaults)
 55174 | Vaults:5 | Identified the Almanac of Doom
 55592 | Zot:1    | Entered Level 1 of the Realm of Zot
 56019 | Zot:1    | Received a gift from Okawaru
 56118 | Zot:1    | Reached XP level 26. HP: 237/242 MP: 10/33
 57009 | Zot:1    | Got a crude plate armour
 57010 | Zot:1    | Identified the +1 plate armour "Heoneh" {-Tele rElec Int+2 Dex+2} (You found it on level 1 of the Realm of Zot)
 57356 | Zot:2    | Received a gift from Okawaru
 59044 | Zot:4    | Reached XP level 27. HP: 251/251 MP: 11/34
 59310 | Zot:4    | Reached skill level 15 in Invocations
 59619 | Zot:5    | Entered Level 5 of the Realm of Zot
 59868 | Zot:5    | Received a gift from Okawaru
 60024 | Zot:5    | Noticed an ancient lich
 60043 | Zot:5    | Killed an ancient lich
 60051 | Zot:5    | Received a gift from Okawaru
 60071 | Zot:5    | Got a faintly humming cloak {god gift}
 60072 | Zot:5    | Identified the +2 cloak of Pantheism {rN+ Str+3 Dex-4 Stlth+} (Okawaru gifted it to you on level 5 of the Realm of Zot)
 60201 | Zot:5    | Noticed an orb of fire
 60218 | Zot:5    | Killed an orb of fire
 60242 | Zot:5    | Noticed an orb of fire
 60255 | Zot:5    | Killed an orb of fire
 60503 | Zot:5    | Noticed an orb of fire
 60520 | Zot:5    | Gained mutation: You regenerate slowly when monsters are visible. [an orb of fire]
 60537 | Zot:5    | Killed an orb of fire
 60537 | Zot:5    | Received a gift from Okawaru
 60557 | Zot:5    | Got a jewelled hat {god gift}
 60569 | Zot:5    | Reached skill level 15 in Translocations
 60720 | Zot:5    | Identified the +1 hat "Curunesi" {rElec rC+ rN+ Dex+3} (Okawaru gifted it to you on level 5 of the Realm of Zot)
 61122 | Zot:5    | Lost mutation: You regenerate slowly when monsters are visible. [potion of cure mutation]
 61122 | Zot:5    | Lost mutation: You are clumsy. (Dex -2) [potion of cure mutation]
 61122 | Zot:5    | Lost mutation: You expend magic power (3 MP) to strengthen your wands. [potion of cure mutation]
 61123 | Zot:5    | Gained mutation: Your mind is acute. (Int +2) [potion of beneficial mutation]
 61124 | Zot:5    | Gained mutation: You are partially covered in rugged brown scales. (AC +1, +3% HP) [potion of beneficial mutation]
 61125 | Zot:5    | Gained mutation: You are partially covered in large bone plates. (SH +4) [potion of beneficial mutation]
 61131 | Zot:5    | Got the Orb of Zot
 61679 | D:3      | Noticed Xomemnomuiq the pandemonium lord
 61750 | D:$      | Escaped with the Orb!

Skill      XL: |  1  2  3  4  5  6  7  8  9 10 11 12 13 14 15 16 17 18 19 20 21 22 23 24 25 26 27 |
---------------+----------------------------------------------------------------------------------+-----
Axes           | 3 4 5 6 7 9 11 13 15 16 18 19 20 21 22 | 22.0
Fighting       | 4 5 6 7 8 9 10 12 13 14 15 16 17 18 20 21 22 | 22.5
Armour         | 4 5 6 8 9 10 11 12 13 14 15 16 17 18 19 20 22 | 22.3
Shields        | 4 9 12 13 15 16 17 18 19 | 19.5
Invocations    | 3 5 7 9 10 11 13 14 17 | 17.0
Dodging        | 3 5 7 8 10 13 16 17 18 19 20 | 20.1
Translocations | 1 6 9 11 12 13 14 15 | 15.2
Spellcasting   | 3 6 |  6.7

Action                   |  1- 3 |  4- 6 |  7- 9 | 10-12 | 13-15 | 16-18 | 19-21 | 22-24 | 25-27 || total
-------------------------+-------+-------+-------+-------+-------+-------+-------+-------+-------++-------
Melee: War axe           |   109 |   199 |   419 |    64 |   163 |   238 |   796 |       |       ||  1988
       Hand axe          |       |       |       |  1144 |   280 |   176 |       |       |       ||  1600
       Battleaxe         |       |       |       |       |   694 |    19 |       |       |       ||   713
       Broad axe         |       |       |       |       |       |  1262 |   981 |  1743 |  1898 ||  5884
Throw: Tomahawk          |       |       |       |       |     1 |       |       |       |       ||     1
 Cast: Shroud of Golubri |       |       |       |       |       |       |       |     1 |     1 ||     2
       Lesser Beckoning  |       |       |       |       |       |       |       |     7 |     8 ||    15
Invok: Heroism           |       |       |     4 |    12 |    30 |    39 |    36 |    34 |    25 ||   180
       Finesse           |       |       |       |       |    14 |     7 |    10 |    10 |    10 ||    51
 Abil: Evoke Flight      |       |       |       |       |       |       |     4 |       |       ||     4
Evoke: Wand              |       |       |       |     1 |       |    10 |       |       |     2 ||    13
  Use: Potion            |       |     1 |     1 |     3 |       |     7 |     2 |     3 |     6 ||    23
       Scroll            |       |     3 |     8 |     3 |    22 |    11 |     8 |    13 |    16 ||    84
 Stab: Petrified         |       |       |       |       |     7 |       |     4 |       |       ||    11
       Petrifying        |       |       |       |       |     1 |       |     2 |       |       ||     3
       Distracted        |       |       |       |       |       |       |     1 |     1 |       ||     2
       Confused          |       |       |       |       |       |       |       |       |     3 ||     3
  Eat: Chunk             |     1 |     8 |    14 |    24 |    31 |    32 |    15 |    26 |    13 ||   164
       Beef jerky        |       |       |     1 |     3 |       |       |       |       |     6 ||    10
       Fruit             |       |       |     2 |       |       |       |       |       |       ||     2
       Royal jelly       |       |       |       |     1 |     1 |       |     7 |       |     3 ||    12
       Pizza             |       |       |       |       |       |       |     5 |     4 |     1 ||    10
Armor: Scale mail        |    71 |    94 |   164 |    19 |       |       |       |       |       ||   348
       Plate armour      |       |       |       |   651 |   532 |   801 |   553 |   654 |   632 ||  3823
Dodge: Dodged            |    70 |   103 |   145 |   330 |   398 |   462 |   420 |   608 |   563 ||  3099
Block: Buckler           |       |       |    99 |   404 |    77 |       |       |       |       ||   580
       Reflection        |       |       |     1 |     6 |     1 |       |       |       |       ||     8
       Shield            |       |       |       |       |   116 |  1296 |  1354 |  1368 |  1269 ||  5403
